Description

Mech is coming!

Replay - King Sejong Station LE (84)

Build Order

Get SALT Encoding   

  12  0:00  SCV  
  13  0:13  SCV  
  14  0:17  Supply Depot  
  14  0:25  SCV  
  15  0:38  SCV  
  15  0:41  Barracks  
  16  0:45  Refinery  
  16  0:51  SCV  
  17  1:03  SCV  
  18  1:15  SCV  
  19  1:31  Orbital Command  
  19  1:32  Reaper  
  20  1:42  Command Center  
  20  1:53  Supply Depot  
  20  1:58  SCV  
  21  2:10  Barracks Reactor, SCV  
  22  2:22  SCV  
  23  2:32  Command Center  
  23  2:34  SCV  
  24  2:43  Factory  
  24  2:47  Marine x2  
  24  2:48  SCV  
  27  2:55  Refinery  
  28  3:04  Marine x2  
  30  3:07  Orbital Command  
  30  3:09  SCV  
  30  3:16  Engineering Bay  
  30  3:21  SCV  
  31  3:28  Cyclone  
  31  3:31  Marine x2  
  36  3:36  SCV x2  
  38  3:45  Orbital Command  
  38  3:48  SCV  
  38  3:49  SCV  
  38  3:52  Marine x2  
  42  4:00  Factory Tech Lab  
  42  4:03  SCV x2  
  42  4:06  Missile Turret  
  44  4:13  Factory  
  44  4:14  Refinery  
  44  4:15  Refinery  
  44  4:17  SCV x3  
  44  4:22  Siege Tank  
  50  4:28  Starport  
  50  4:30  SCV  
  50  4:31  SCV  
  52  4:32  SCV  
  53  4:44  Supply Depot  
  53  4:45  SCV  
  56  4:47  SCV x2  
  56  4:52  Supply Depot  
  56  4:54  Siege Tank  
  56  4:57  SCV  
  56  4:59  Factory Tech Lab, SCV  
  61  5:05  SCV  
  62  5:09  SCV  
  62  5:11  SCV  
  63  5:14  Supply Depot  
  63  5:18  SCV  
  63  5:20  Factory  
  64  5:22  Siege Tank  
  64  5:24  Viking  
  64  5:26  Barracks Reactor, SCV x2  
  64  5:27  Siege Tank  
  74  5:36  Supply Depot  
  74  5:37  Supply Depot  
  74  5:42  Missile Turret  
  74  5:43  Sensor Tower  
  76  5:57  Siege Tank  
  76  5:58  Orbital Command  
  76  6:01  Supply Depot  
  76  6:02  Supply Depot  
  76  6:03  Supply Depot  
  79  6:05  Hellion, Siege Tank  
  79  6:06  Hellion  
  79  6:08  Supply Depot  
  79  6:10  SCV x2  
  86  6:11  Armory  
  86  6:22  SCV x2  
  88  6:26  SCV  
  88  6:32  Siege Tank  
  92  6:34  SCV x2  
  92  6:35  Hellion x2  
  92  6:37  Siege Tank  
  101  6:40  Refinery  
  101  6:44  Refinery  
  101  6:50  Sensor Tower  
  101  6:53  Sensor Tower  
  100  6:54  SCV x3  
  100  7:00  Missile Turret  
  103  7:03  Terran Vehicle Weapons Level 1  
  103  7:06  SCV x2  
  103  7:07  Siege Tank, SCV  
  111  7:08  Hellion  
  111  7:16  Siege Tank  
  111  7:18  Missile Turret, SCV x2  
  111  7:20  SCV  
  115  7:25  Supply Depot  
  115  7:30  SCV  
  115  7:32  Factory  
  115  7:33  Factory  
  116  7:41  SCV x2  
  114  7:47  Siege Tank  
  114  7:48  Hellion x2  
  121  7:55  Supply Depot, SCV x2  
  121  7:56  Supply Depot  
  124  8:01  Siege Tank  
  124  8:02  Viking x2  
  124  8:04  Supply Depot x2  
  130  8:16  Command Center  
  130  8:19  Siege Tank  
  130  8:24  Factory Tech Lab, Factory Reactor  
  130  8:26  Cyclone x2, Supply Depot  
  136  8:27  Supply Depot  
  136  8:33  Missile Turret, Siege Tank  
  139  8:40  Infernal Pre-Igniter  
  139  8:41  Sensor Tower  
  139  8:49  Command Center  
  139  9:01  Siege Tank x2  
  145  9:04  Hellion x4  
  145  9:05  Hellion  
  155  9:19  Viking x2  
  155  9:21  Terran Vehicle Weapons Level 2  
  153  9:33  Hellion x4  
  153  9:34  Hellion x3  
  153  9:35  Armory  
  167  9:54  Cyclone x4  
Spawning Tool Build Advisor. Get it on Overwolf

Go to:

Details

  • Created by: PeterLiu
  • Published on: Sep 06, 2016
  • Modified on: Sep 06, 2016
  • Patch: Pre-3.8.0
Show
View Real Time Build Order
Export as new Build Order

Comments (0)

There are no comments. Be the first!

Create an account to comment!